 Dungeon Crawl Stone Soup version 0.20.1-1-g8b1a95d (webtiles) character file.

2821 Firecrotchwizard the Arsonist (level 9, -1/61 (62) HPs)
             Began as a Black Draconian Fire Elementalist on Nov 26, 2017.
             Was a Priest of Sif Muna.
             Slain by a yak (4 damage)
             ... on level 9 of the Dungeon.
             The game lasted 00:27:31 (9915 turns).

Firecrotchwizard the Arsonist (DrFE)                Turns: 9915, Time: 00:27:32

HP:   -1/61 (62)    AC: 15    Str: 11    XL:     9   Next: 45%
MP:   7/26          EV: 12    Int: 16    God:    Sif Muna [***...]
Gold: 471           SH:  0    Dex: 14    Spells: 3/19 levels left

rFire    . . .     SeeInvis .   a - +2 trident (protect)
rCold    . . .     Gourm    .   (no shield)
rNeg     . . .     Faith    .   (armour unavailable)
rPois    .         Spirit   .   (helmet restricted)
rElec    +         Reflect  .   l - scarf {repulsion}
rCorr    .         Harm     .   B - +0 pair of gloves
MR       +....                  (no boots)
Stlth    ++........             (no amulet)
Regen    0.2/turn               M - ring of magical power {MP+9}
MPRegen  0.2/turn               H - ring of protection from magic {MR+, !d}

@: short of breath, protection aura, repel missiles
A: breathe lightning, unfitting armour, electricity resistance, cold-blooded, AC
+7
a: Breathe Lightning, Divine Energy, Channel Magic, Renounce Religion


You were on level 9 of the Dungeon.
You worshipped Sif Muna.
Sif Muna was most pleased with you.
You were not hungry.

You visited 2 branches of the dungeon, and saw 10 of its levels.

You collected 471 gold pieces.

Inventory:

Hand Weapons
 a - a +2 trident of protection (weapon)
   (You took it off an orc on level 6 of the Dungeon)
 b - a +3 blowgun
   (You took it off a kobold on level 4 of the Dungeon)
 E - a +1 dagger of venom
   (You took it off a goblin on level 3 of the Dungeon)
Missiles
 o - 10 poisoned needles
Armour
 l - a scarf of repulsion (worn)
   (You found it on level 3 of the Dungeon)
 B - a +0 pair of gloves (worn)
   (You found it on level 7 of the Dungeon)
Jewellery
 v - a +2 ring of evasion
   (You found it on level 4 of the Dungeon)
 H - a ring of protection from magic (right hand) {MR+, !d}
   (You found it on level 8 of the Dungeon)
 M - a ring of magical power (left hand) {MP+9}
   (You found it on level 9 of the Dungeon)
Wands
 z - a wand of iceblast (8/15)
   (You found it on level 5 of the Dungeon)
 A - a wand of confusion (23/48)
   (You found it on level 5 of the Dungeon)
 C - a wand of lightning (9/15)
   (You found it on level 5 of the Dungeon)
Scrolls
 d - a scroll of magic mapping {unknown}
 e - 3 scrolls of teleportation {unknown}
 g - 2 scrolls of enchant armour {unknown}
 h - 2 scrolls of blinking {unknown}
 j - 2 scrolls of immolation {unknown}
 n - a scroll of enchant weapon {unknown}
 q - 4 scrolls of random uselessness {unknown}
 r - 7 scrolls of identify
 y - 3 scrolls of remove curse
 D - a scroll of noise {unknown}
 L - a scroll of amnesia {unknown}
Potions
 i - 7 potions of curing
 k - 3 potions of mutation {!q}
 m - a potion of magic {unknown}
 p - 4 potions of brilliance {unknown}
 t - 2 potions of heal wounds {unknown}
 F - a potion of flight {unknown}
 G - a potion of berserk rage {unknown}
 I - a potion of resistance {unknown}
 K - 2 potions of agility {unknown}
Books
 u - a book of Flames
 w - a book of Changes
   (You found it on level 4 of the Dungeon)
 x - a book of Cantrips
   (You found it on level 7 of the Dungeon)
 J - a book of Clouds
   (You found it on level 7 of the Dungeon)
Comestibles
 c - 5 royal jellies
 f - 5 bread rations {@e1}
 s - 2 chunks of flesh {@w0}


   Skills:
 - Level 1.7 Dodging
 - Level 1.7 Stealth
 + Level 5.8 Spellcasting
 * Level 8.5 Conjurations
 * Level 8.6 Fire Magic


You had 3 spell levels left.
You knew the following spells:

 Your Spells              Type           Power        Failure   Level  Hunger
a - Flame Tongue          Conj/Fire      ####.        1%          1    None
c - Conjure Flame         Conj/Fire      ####....     1%          3    ##.....
f - Fireball              Conj/Fire      ####......   12%         5    ######.
s - Sticky Flame          Conj/Fire      ####....     4%          4    ####...
x - Mephitic Cloud        Conj/Pois/Air  ##......     13%         3    ##.....


Dungeon Overview and Level Annotations

Branches:
Dungeon (9/15)             Temple (1/1) D:4            Lair (0/6) D:8
    Orc: D:9-12

Altars:
Ashenzari
Cheibriados
Dithmenos
Fedhas
Gozag
Hepliaklqana
Kikubaaqudgha
Makhleb
Nemelex Xobeh
Okawaru
Ru
Sif Muna
Trog
Uskayaw
Xom
Yredelemnul
Zin

Annotations:
D:5 exclusion: scorpion
D:9 slughead42's ghost, novice DsFi


Innate Abilities, Weirdness & Mutations

You can breathe wild blasts of lightning.
Your glossy black scales are hard. (AC +7)
You cannot fit into any form of body armour.
You are resistant to electric shocks. (rElec)
You are cold-blooded and may be slowed by cold attacks.


Message History

The yak moves out of view.
A yak comes into view.
There is an open door here.
MP restored: 26
Aim: a yak (hasn't noticed you)
You shoot a poisoned needle. The poisoned needle hits the yak.
The yak is poisoned.
The yak bellows! x3
Your +2 trident of protection hums with potential!
a - a +2 trident of protection (weapon)
You barely miss the yak.
The yak bellows!
There is an open door here.
The yak looks more healthy.
You see here 21 stones.
You barely miss the yak. The yak gores you but does no damage.
You hit the yak.
Your weapon exudes an aura of protection.
Your tail-slap misses the yak.
Aim: a yak (moderately wounded)
The flame tongue hits the yak.
The yak appears unharmed.
The yak bellows!
You now have 25/26 mp.
Aim: a yak (moderately wounded)
The flame tongue hits the yak.
The yak gores you!
You take 7 damage, and have 54/61 hp.
You now have 24/26 mp.
Aim: a yak (lightly wounded)
The flame tongue hits the yak.
The yak gores you.
You take 6 damage, and have 48/61 hp.
You now have 23/26 mp.
Aim: a yak (lightly wounded)
The flame tongue hits the yak.
The yak gores you!
You take 14 damage, and have 34/61 hp.
MASSIVE DAMAGE!!
You now have 22/26 mp.
Aim: a yak (heavily wounded)
The sticky flame hits the yak.
The yak is covered in liquid flames!
The yak burns!
The yak closely misses you.
You now have 19/26 mp.
You hit the yak.
Your weapon exudes an aura of protection.
The yak burns!
The yak closely misses you. The yak gores you.
You take 6 damage, and have 29/61 hp.
You hit the yak but do no damage.
The yak burns!
You kill the yak!
Sif Muna accepts your kill.
Your Conjurations skill increases to level 8!
Aim: a yak (lightly wounded)
The sticky flame hits the yak.
The yak is covered in liquid flames!
The yak burns!
The yak gores you but does no damage.
You now have 15/26 mp.
You barely miss the yak.
Your tail-slap misses the yak.
The yak burns!
The yak gores you but does no damage.
You hit the yak.
Your tail-slap misses the yak.
The yak burns!
The yak completely misses you. The yak closely misses you.
You hit the yak. The yak burns! x2; The yak misses you.
You hit the yak.
The yak burns!
You kill the yak!
Sif Muna accepts your kill.
Aim: a yak The sticky flame hits the yak.
The yak is covered in liquid flames!
The yak burns!
The yak barely misses you.
You now have 13/26 mp.
The yak burns!
The yak burns!
There is an open door here.
You breathe a wild blast of lightning!
The zap hits you! The zap misses you.
The orb of electricity explodes! x2; The orb of electricity engulfs you!
The orb of electricity engulfs the yak.
You hear a mighty clap of thunder!
The bolt of lightning hits the yak.
You feel somewhat more hungry.
The yak burns!
The yak barely misses you.
You puncture the yak!
Your weapon exudes an aura of protection.
You kill the yak!
Sif Muna accepts your kill.
Aim: a yak
Okay, then.
Aim: a yak The sticky flame hits the yak.
The yak is covered in liquid flames!
The yak burns!
The yak gores you.
You take 1 damage, and have 30/61 hp.
You now have 10/26 mp.
You puncture the yak!
The yak burns! x2; The yak barely misses you.
The yak gores you but does no damage.
You hit the yak.
The yak burns!
The yak stops burning.
The yak gores you.
You take 6 damage, and have 24/61 hp.
You puncture the yak! The yak gores you!
* * * LOW HITPOINT WARNING * * *
You take 12 damage, and have 12/61 hp.
You barely miss the yak. You tail-slap the yak.
You kill the yak!
Sif Muna accepts your kill. The yak gores you but does no damage.
Aim: a yak The sticky flame hits the yak.
The yak is covered in liquid flames!
The yak burns!
The yak gores you!
* * * LOW HITPOINT WARNING * * *
You take 10 damage, and have 3/61 hp.
You now have 7/26 mp.
You hit the yak.
The yak burns! x2; The yak closely misses you.
You hit the yak.
The yak burns!
The yak gores you.
You die...

#. ####'#### #.......#
#.......# #####+####
#..>....# #........#
#.......#######........#
#.......#..(.Y@........+
#.......'.#####........#
#.......### #........#
#.......# ##'######
##'###### #....# #...#
####.# ###Y#
#######'####


(YY #..........# ###### ...$. #..........# #..... You could see a yak (burning).

Vanquished Creatures
  4 yaks (D:9)
  2 basilisks (D:8)
  Edmund (D:6)
  An acid dragon (D:8)
  A sky beast (D:6)
  An ogre (D:4)
  3 centaurs
  A necrophage (D:6)
  3 crocodiles (D:8)
  A bullfrog (D:8)
  A scorpion (D:8)
  2 howler monkeys
  A jelly (D:6)
  3 crimson imps
  A bullfrog zombie (D:5)
  2 orc priests
  2 hounds
  3 orc wizards
  2 iguanas (D:6)
  4 worker ants
  A hound skeleton (D:8)
  A worker ant zombie (D:8)
  A howler monkey skeleton (D:5)
  15 adders
  A shadow imp (D:5)
  An ooze (D:3)
  2 worms (D:3)
  A dart slug (D:1)
  4 leopard geckos
  15 orcs
  6 bats
  10 giant cockroaches
  11 goblins
  11 hobgoblins
  2 jackals (D:2)
  11 kobolds
  2 quokkas
  3 ball pythons
  5 frilled lizards
  A giant cockroach zombie (D:5)
  2 leopard gecko skeletons
  A quokka skeleton (D:4)
  A quokka zombie (D:6)
  15 rats
162 creatures vanquished.

Vanquished Creatures (others)
  10 fungi (D:5)
10 creatures vanquished.

Grand Total: 172 creatures vanquished

Notes
Turn   | Place    | Note
-------+----------+-------------------------------------------
     0 | D:1      | Firecrotchwizard the Draconian Fire Elementalist began the quest for the Orb.
     0 | D:1      | Reached XP level 1. HP: 14/14 MP: 3/3
   711 | D:1      | Reached XP level 2. HP: 15/20 MP: 1/5
   842 | D:1      | Reached skill level 2 in Conjurations
  1693 | D:1      | Reached XP level 3. HP: 26/26 MP: 4/6
  1698 | D:1      | Learned a level 3 spell: Conjure Flame
  1748 | D:2      | Found a faded altar of an unknown god.
  1954 | D:2      | Reached skill level 3 in Conjurations
  2285 | D:2      | Reached XP level 4. HP: 31/33 MP: 7/7
  2880 | D:3      | Reached skill level 4 in Fire Magic
  3268 | D:3      | Reached XP level 5. HP: 37/38 MP: 6/8
  3271 | D:3      | Reached skill level 4 in Conjurations
  3349 | D:3      | Found a glowing drain.
  4346 | D:4      | Found a staircase to the Ecumenical Temple.
  4368 | Temple   | Entered the Ecumenical Temple
  4374 | Temple   | Became a worshipper of Sif Muna the Loreminder
  4823 | D:4      | Noticed an ogre
  4847 | D:4      | Killed an ogre
  4847 | D:4      | Reached XP level 6. HP: 42/45 MP: 6/10
  5370 | D:5      | Entered Level 5 of the Dungeon
  5463 | D:5      | Learned a level 5 spell: Fireball
  5748 | D:5      | Reached skill level 3 in Spellcasting
  5748 | D:5      | Reached skill level 5 in Conjurations
  5831 | D:5      | Reached * piety under Sif Muna
  5831 | D:5      | Reached skill level 5 in Fire Magic
  6078 | D:5      | Your scales start taking on a glossy black colour.
  6078 | D:5      | Reached XP level 7. HP: 30/50 MP: 7/12
  6078 | D:5      | Gained mutation: You are resistant to electric shocks. (rElec) [Black Draconian growth]
  6304 | D:5      | Noticed a hippogriff
  6707 | D:6      | Reached skill level 4 in Spellcasting
  6707 | D:6      | Reached skill level 6 in Conjurations
  6707 | D:6      | Reached skill level 6 in Fire Magic
  6715 | D:6      | Learned a level 4 spell: Sticky Flame
  6836 | D:6      | Reached ** piety under Sif Muna
  6867 | D:6      | Found a basalt altar of Yredelemnul.
  6872 | D:6      | Noticed Edmund
  6896 | D:6      | Killed Edmund
  6896 | D:6      | Reached XP level 8. HP: 45/56 MP: 5/14
  8710 | D:8      | Reached skill level 7 in Conjurations
  8710 | D:8      | Reached skill level 7 in Fire Magic
  8717 | D:8      | Reached skill level 5 in Spellcasting
  8954 | D:8      | Found an iron altar of Okawaru.
  9177 | D:8      | Reached *** piety under Sif Muna
  9458 | D:8      | Reached XP level 9. HP: 55/61 MP: 3/17
  9568 | D:8      | Found a staircase to the Lair.
  9624 | D:8      | Learned a level 3 spell: Mephitic Cloud
  9763 | D:9      | Reached skill level 8 in Fire Magic
  9853 | D:9      | Noticed slughead42's ghost (novice DsFi)
  9897 | D:9      | Reached skill level 8 in Conjurations
  9911 | D:9      | HP: 12/61 [yak (12)]
  9913 | D:9      | HP: 3/61 [yak (10)]
  9915 | D:9      | Slain by a yak

Skill      XL: |  1  2  3  4  5  6  7  8  9 |
---------------+----------------------------+-----
Conjurations   | 2 3 4 5 6 7 8 |  8.5
Fire Magic     | 4 5 6 7 8 |  8.6
Spellcasting   | 3 4 5 |  5.8
Dodging        | |  1.7
Stealth        | |  1.7

Action                   |  1- 3 |  4- 6 |  7- 9 || total
-------------------------+-------+-------+-------++-------
Melee: Club              |    21 |       |       ||    21
       Unarmed           |    10 |       |       ||    10
       Tailslap          |     5 |     9 |    12 ||    26
       Mace              |     7 |       |       ||     7
       Dagger            |     5 |    67 |    62 ||   134
       Trident           |       |       |    67 ||    67
 Fire: Blowgun           |       |    51 |    47 ||    98
 Cast: Flame Tongue      |    60 |   106 |   112 ||   278
       Sticky Flame      |       |       |    13 ||    13
 Abil: Breathe Lightning |       |       |     2 ||     2
  Use: Scroll            |       |     5 |       ||     5
 Stab: Distracted        |     1 |       |       ||     1
       Sleeping          |       |     2 |       ||     2
  Eat: Chunk             |     5 |    11 |     7 ||    23
       Royal jelly       |       |     1 |       ||     1
       Meat ration       |       |       |     2 ||     2
Armor: Skin              |    28 |    31 |    42 ||   101
Dodge: Dodged            |    48 |    67 |   107 ||   222
       Deflected         |       |     1 |     9 ||    10

Vault maps used:
D:1:      elethiomel_arrival_maze, grunt_decor_one_mirror,
          minmay_misc_feat_plants, minmay_hexomino_f4
D:2:      chequers_ecumenical_altar_simple_redux
D:3:      cheibrodos_sewer_entry_drain
D:4:      minmay_temple_entry_statues_fountains, first_bread
D:5:      old_forge, nrook_mini_backslash
D:6:      yredelemnul_altar_generic, uniq_edmund
D:8:      erik_lair_dragon, basic_altar
D:9:      uniq_erica
Temple:   dpeg_three_leaves_temple

Table legend:
 A = Turns spent in this place as a percentage of turns spent in the entire game.
 B = Non-inter-level travel turns spent in this place as a percentage of non-inter-level travel turns spent in the entire game.
 C = Inter-level travel turns spent in this place as a percentage of turns spent in this place.
 D = Turns resting spent in this place as a percentage of non-inter-level travel turns spent in this place.
 E = Turns spent auto-exploring this place as a percentage of non-inter-level travel turns spent in this place.
 F = Non-inter-level travel turns spent in this place divided by the number of levels of this place that you've seen.
                   A       B       C       D       E      F
               +-------+-------+-------+-------+-------+----------------------
         Total | 100.0 | 100.0 |   0.7 |   9.0 |  11.0 | 223.3
       Dungeon |  99.4 |  99.4 |   0.7 |   9.1 |  11.1 | 246.7
        Temple |   0.6 |   0.6 |   0.0 |   0.0 |   0.0 |  13.0
               +-------+-------+-------+-------+-------+----------------------

Table legend:
 A = Kills in this place as a percentage of kills in entire the game.
 B = Kills by you in this place as a percentage of kills by you in the entire game.
 C = Kills by friends in this place as a percentage of kills by friends in the entire game.
 D = Other kills in this place as a percentage of other kills in the entire game.
 E = Experience gained in this place as a percentage of experience gained in the entire game.
 F = Experience gained in this place divided by the number of levels of this place that you have seen.
                   A       B       C       D       E      F
               +-------+-------+-------+-------+-------+----------------------
         Total | 100.0 | 100.0 |  -nan |  -nan | 100.0 | 403.1
       Dungeon | 100.0 | 100.0 |  -nan |  -nan | 100.0 | 447.9
               +-------+-------+-------+-------+-------+----------------------
